 Dungeon Crawl Stone Soup version 0.28-a0-793-g31680bbd8b (webtiles) character file.

Game seed: 1454785771903292444

186 Woods the Insei (level 5, 0/41 HPs)
             Began as a Gnoll Transmuter on Nov 5, 2021.
             Slain by a river rat (4 damage)
             ... summoned by Eustachio
             ... on level 4 of the Dungeon.
             The game lasted 00:05:55 (4145 turns).

Woods the Insei (Gnoll Transmuter)                  Turns: 4145, Time: 00:05:55

Health: 0/41       AC:  2    Str: 10    XL:     5   Next: 65%
Magic:  10/12      EV: 13    Int: 13    God:
Gold:   163        SH:  0    Dex: 12    Spells: 8/14 levels left

rFire   . . .      SeeInvis .     - Unarmed
rCold   . . .      Faith    .   (no shield)
rNeg    . . .      Spirit   .   a - +0 robe
rPois   .          Reflect  .   (helmet currently unavailable)
rElec   .          Harm     .   (no cloak)
rCorr   .          Rampage  .   (no gloves)
Will    .....                   (boots currently unavailable)
Stlth   ++........              (no amulet)
HPRegen 0.13/turn               (no ring)
MPRegen 0.13/turn               (no ring)

@: appendages
A: horns 2, talons 2, fangs 1, strong nose, distributed training
a: End Transformation


You were on level 4 of the Dungeon.
You had temporarily grown beastly horns and talons.
You visited 1 branch of the dungeon, and saw 4 of its levels.

You collected 163 gold pieces.

Inventory:

Missiles
 f - a throwing net
Armour
 a - a +0 robe (worn)
Scrolls
 d - a scroll of magic mapping {unknown}
 g - 3 scrolls of teleportation {unknown}
 h - a scroll of blinking {unknown}
 i - 2 scrolls of immolation {unknown}
 j - 3 scrolls of silence {unknown}
 k - a scroll of fog {unknown}
Potions
 b - a potion of attraction {unknown}
 c - 2 potions of haste {unknown}
 e - a potion of mutation {unknown}


   Skills:
 + Level 3.0 Fighting
 + Level 1.6 Short Blades
 + Level 1.6 Long Blades
 + Level 1.6 Axes
 + Level 1.6 Maces & Flails
 + Level 1.6 Polearms
 + Level 1.6 Staves
 + Level 1.6 Slings
 + Level 1.6 Bows
 + Level 1.6 Crossbows
 + Level 1.6 Throwing
 + Level 1.6 Armour
 + Level 4.8 Dodging
 + Level 1.6 Stealth
 + Level 1.6 Shields
 + Level 6.7 Unarmed Combat
 + Level 5.2 Spellcasting
 + Level 1.2 Conjurations
 + Level 1.2 Hexes
 + Level 1.2 Summonings
 + Level 1.2 Necromancy
 + Level 1.2 Translocations
 + Level 4.0 Transmutations
 + Level 1.2 Fire Magic
 + Level 1.2 Ice Magic
 + Level 1.2 Air Magic
 + Level 1.2 Earth Magic
 + Level 1.2 Poison Magic
 + Level 1.8 Invocations
 + Level 1.6 Evocations


You had 8 spell levels left.
You knew the following spells:

 Your Spells              Type           Power      Damage    Failure   Level
a - Beastly Appendage     Tmut           26%        N/A       3%          1
b - Wereblood             Tmut           13%        N/A       5%          2
c - Spider Form           Tmut/Pois      10%        N/A       19%         3

Your spell library contained the following spells:

 Spells                   Type           Power      Damage    Failure   Level
 Magic Dart               Conj           24%        1d4       11%         1
 Summon Small Mammal      Summ           24%        N/A       11%         1
 Searing Ray              Conj           12%        2d4       16%         2
 Call Canine Familiar     Summ           6%         N/A       32%         3
 Summon Guardian Golem    Hex/Summ       6%         N/A       32%         3
 Ice Form                 Ice/Tmut       10%        N/A       52%         4
 Fulminant Prism          Conj/Hex       3%         3d6       71%         4


Dungeon Overview and Level Annotations

Branches:
Dungeon (4/15)
 Temple: D:4-7

Altars:
Nemelex Xobeh

Annotations:
D:4 Eustachio


Innate Abilities, Weirdness & Mutations

You have temporarily grown beastly horns and talons.
You have very sharp teeth.
Your uncanny sense of smell can sniff out nearby items.
Your experience applies equally to all skills.


Message History

* * * LOW HITPOINT WARNING * * *
The bat misses you. x2; The river rat barely misses you.
Eustachio mumbles some strange words.
Eustachio blinks!
The bat hits you.
* * * LOW HITPOINT WARNING * * *
The bat barely misses you. The iron imp spits at you.
The ufetubus disappears in a puff of smoke!
The bat closely misses you. The rat misses you. The bat closely misses you.
The bat barely misses you. The bat barely misses you.
The bat hits you but does no damage.
The iron imp disappears in a puff of smoke!
The bat completely misses you. The bat misses you.
The rat twitches its whiskers.
The bat hits you but does no damage. The bat barely misses you.
A quokka comes into view.
The bat hits you but does no damage. The bat barely misses you.
Found 13 arrows.
The bat hits you but does no damage. The bat closely misses you.
The bat hits you but does no damage. The bat barely misses you.
The bat hits you but does no damage. The bat barely misses you. x2
Casting: Spider Form (quite dangerous; 19% risk of failure)
Confirm with . or Enter, or press ? or * to list all spells.
You grow a pair of large bovine horns.
Your feet morph into talons.
The bat hits you.
* * * LOW HITPOINT WARNING * * *
The bat barely misses you.
You punch the bat!
You kill the bat!
The bat's corpse disappears in a puff of smoke!
You hit the river rat but do no damage. The river rat bites you.
You die...

#.#......5###########
#.#..?##ยง....br.....#
#.#<#.##.##########.#
#.#.#.##.# #.#
#.#.#.##.##### #.#
##'#.#.##.#...######.######
.....#....#...##b.........#
...[.######...##r###.####.#
..............##@# #.#
##'########.####.# #.#
#........#.# #.# #r#
########.#.# #.# #.# โˆ†
#.# #.# #(# โˆ†#.# #+# ..
#.# โˆ† #.# #.#


You could see a river rat (summoned) and a bat (summoned).

Vanquished Creatures
  Jessica (D:2)
  Terence (D:3)
  3 gnolls (D:2)
  4 adders (D:2)
  A worm (D:2)
  3 dart slugs (D:1)
  3 orcs (D:3)
  4 ball pythons
  5 endoplasms
  5 giant cockroaches
  6 goblins
  5 hobgoblins
  2 kobolds (D:2)
  2 quokkas
  8 bats
  5 frilled lizards
  2 rats (D:3)
60 creatures vanquished.

Vanquished Creatures (others)
  An endoplasm (D:2)
  A goblin (D:2)
  2 hobgoblins (D:2)
4 creatures vanquished.

Grand Total: 64 creatures vanquished

Notes
Turn   | Place    | Note
-------+----------+-------------------------------------------
     0 | D:1      | Woods the Gnoll Transmuter began the quest for the Orb.
     0 | D:1      | Reached XP level 1. HP: 17/17 MP: 6/6
   305 | D:1      | Reached XP level 2. HP: 21/23 MP: 5/7
   308 | D:1      | Learned a level 2 spell: Wereblood
   749 | D:1      | Found a faded altar of an unknown god.
   763 | D:1      | Reached XP level 3. HP: 22/28 MP: 7/9
   767 | D:1      | Learned a level 3 spell: Spider Form
  1001 | D:1      | Reached skill level 5 in Spellcasting
  1190 | D:2      | Noticed Jessica
  1200 | D:2      | Killed Jessica
  1201 | D:2      | Reached skill level 1 in Short Blades
  1201 | D:2      | Reached skill level 1 in Long Blades
  1201 | D:2      | Reached skill level 1 in Axes
  1201 | D:2      | Reached skill level 1 in Maces & Flails
  1201 | D:2      | Reached skill level 1 in Polearms
  1201 | D:2      | Reached skill level 1 in Staves
  1201 | D:2      | Reached skill level 1 in Slings
  1201 | D:2      | Reached skill level 1 in Bows
  1201 | D:2      | Reached skill level 1 in Crossbows
  1201 | D:2      | Reached skill level 1 in Throwing
  1201 | D:2      | Reached skill level 1 in Armour
  1201 | D:2      | Reached skill level 1 in Stealth
  1201 | D:2      | Reached skill level 1 in Shields
  1201 | D:2      | Reached skill level 1 in Invocations
  1201 | D:2      | Reached skill level 1 in Evocations
  1253 | D:2      | Reached XP level 4. HP: 19/34 MP: 9/11
  1926 | D:2      | Reached skill level 1 in Conjurations
  1926 | D:2      | Reached skill level 1 in Hexes
  1926 | D:2      | Reached skill level 1 in Summonings
  1926 | D:2      | Reached skill level 1 in Necromancy
  1926 | D:2      | Reached skill level 1 in Translocations
  1926 | D:2      | Reached skill level 1 in Fire Magic
  1926 | D:2      | Reached skill level 1 in Ice Magic
  1926 | D:2      | Reached skill level 1 in Air Magic
  1926 | D:2      | Reached skill level 1 in Earth Magic
  1926 | D:2      | Reached skill level 1 in Poison Magic
  1964 | D:2      | Reached XP level 5. HP: 15/40 MP: 6/12
  3476 | D:3      | Found a sparkling altar of Nemelex Xobeh.
  3554 | D:3      | Noticed Terence
  3558 | D:3      | Killed Terence
  4101 | D:4      | Noticed Eustachio
  4122 | D:4      | HP: 2/41 [bat[Eustachio] (1)]
  4145 | D:4      | Slain by a river rat

Illustrated notes

Levels and vault maps discovered:
D:1:      dpeg_arrival_arbitrary_c, layout_loops_ring,
          chequers_ecumenical_altar_island
D:2:      layout_basic, minmay_misc_feat_enclosed, lemuel_flame_loot_1,
          uniq_jessica
D:3:      layout_rooms, general_overflow_altar, serial_rivers,
          chequers_serial_rivers_large_b, chequers_serial_rivers_room_a,
          chequers_serial_rivers_small_3, chequers_serial_rivers_micro_e,
          chequers_serial_rivers_micro_d, chequers_serial_rivers_micro_b,
          uniq_terence
D:4:      layout_basic, serial_shops, nicolae_shop_trees, uniq_pikel,
          uniq_eustachio

Skill      XL: |  1  2  3  4  5 |
---------------+----------------+-----
Spellcasting   | 5 |  5.2
Short Blades   | 1 |  1.6
Long Blades    | 1 |  1.6
Axes           | 1 |  1.6
Maces & Flails | 1 |  1.6
Polearms       | 1 |  1.6
Staves         | 1 |  1.6
Slings         | 1 |  1.6
Bows           | 1 |  1.6
Crossbows      | 1 |  1.6
Throwing       | 1 |  1.6
Armour         | 1 |  1.6
Stealth        | 1 |  1.6
Shields        | 1 |  1.6
Invocations    | 1 |  1.8
Evocations     | 1 |  1.6
Conjurations   | 1 |  1.2
Hexes          | 1 |  1.2
Summonings     | 1 |  1.2
Necromancy     | 1 |  1.2
Translocations | 1 |  1.2
Fire Magic     | 1 |  1.2
Ice Magic      | 1 |  1.2
Air Magic      | 1 |  1.2
Earth Magic    | 1 |  1.2
Poison Magic   | 1 |  1.2
Fighting       | 3 |  3.0
Transmutations | 4 |  4.0
Dodging        | |  4.8
Unarmed Combat | |  6.7

Action                   |  1- 3 |  4- 6 || total
-------------------------+-------+-------++-------
Melee: Unarmed           |    62 |    98 ||   160
       Headbutt          |     5 |     5 ||    10
       Bite              |     4 |     2 ||     6
       Kick              |    10 |    11 ||    21
       Punch             |       |     1 ||     1
 Cast: Beastly Appendage |    18 |    17 ||    35
       Spider Form       |     1 |     9 ||    10
 Stab: Sleeping          |     1 |     2 ||     3
Armor: Robe              |     9 |    22 ||    31
       Skin              |       |     2 ||     2
Dodge: Dodged            |    33 |   119 ||   152

Table legend: (Time is in decaauts)
 A = Elapsed time spent in this place.
 B = Non-inter-level travel time spent in this place.
 C = Inter-level travel time spent in this place.
 D = Time resting spent in this place.
 E = Time spent auto-exploring this place.
 F = Levels seen in this place.
 G = Mean time per level.
                   A        B        C        D        E       F      G
               +--------+--------+--------+--------+--------+-----+--------+
         Total |   4157 |   3978 |    179 |    845 |   2493 |   4 | 1039.2 |
       Dungeon |   4157 |   3978 |    179 |    845 |   2493 |   4 | 1039.2 |
               +--------+--------+--------+--------+--------+-----+--------+

Top non-repeatable levels by time:
     D:2: 2064 daAuts
     D:1: 1162 daAuts
     D:3: 795 daAuts
     D:4: 135 daAuts
